 Dungeon Crawl Stone Soup version 0.27-a0-660-g90476cec82 (webtiles) character file.

Game seed: 4429241047776492780

11 robertstho the Scratcher (level 2, -1/14 HPs)
             Began as a Felid Fighter on Mar 16, 2021.
             Slain by a kobold
             ... wielding a +0 club
              (4 damage)
             ... on level 1 of the Dungeon.
             The game lasted 00:00:35 (215 turns).

robertstho the Scratcher (Felid Fighter)             Turns: 215, Time: 00:00:35

Health: -1/14      AC:  1    Str: 12    XL:     2   Next: 13%
Magic:  3/3        EV: 18    Int:  9    God:
Gold:   9          SH:  0    Dex: 15    Spells: 1/1 levels left
                                        Lives:  0   Deaths: 0

rFire    . . .     SeeInvis +     - Unarmed
rCold    . . .     Faith    .   (shield unavailable)
rNeg     . . .     Spirit   .   (armour unavailable)
rPois    .         Reflect  .   (helmet unavailable)
rElec    .         Harm     .   (cloak unavailable)
rCorr    .         Rampage  .   (gloves unavailable)
Will     .....                  (boots unavailable)
Stlth    ++........             (no amulet)
HPRegen  0.04/turn              (no ring)
MPRegen  0.08/turn              (no ring)

@: quick
A: very small, claws 1, fangs 3, see invisible, speed 1, shaggy fur 1, stealthy
paws, no weapons or thrown items, no armour, multi-lived
a: no special abilities


You were on level 1 of the Dungeon.
You visited 1 branch of the dungeon, and saw 1 of its levels.

You collected 9 gold pieces.

Inventory:

Potions
 a - a potion of might


   Skills:
 + Level 3.0 Fighting
 + Level 4.1 Dodging
 * Level 0.9 Stealth
 + Level 4.3 Unarmed Combat


You had one spell level left.
You didn't know any spells.
Your spell library was empty.

Dungeon Overview and Level Annotations

Branches:
Dungeon (1/15)

Altars:


Innate Abilities, Weirdness & Mutations

You have sharp claws.
You have razor-sharp teeth.
You have supernaturally acute eyesight. (SInv)
You cover ground quickly. (Speed+)
You are covered in fur. (AC +1)
Your stealthy paws help you sneak and pounce on unaware monsters.
You are incapable of wielding weapons or throwing items.
You cannot wear armour.
You gain extra lives every three experience levels.


Message History

You have reached level 2!
A hobgoblin and a kobold come into view.
The kobold shouts!
There are monsters nearby!
There are monsters nearby!
There are monsters nearby!
There are monsters nearby!
Found a stone staircase leading down.
You see here a +0 mace.
The hobgoblin barely misses you.
You scratch the hobgoblin.
You kill the hobgoblin!
The kobold throws a stone.
The stone misses you. The kobold barely misses you.
You see here a +0 club.
You closely miss the kobold. The kobold hits you.
You completely miss the kobold. The kobold hits you.
You claw the kobold!
You kill the kobold!
No target in view!
A kobold comes into view. It is wielding a +0 club.
A kobold is nearby!
A kobold is nearby!
A kobold is nearby!
Things that are here:
4 stones; a kobold corpse You closely miss the kobold.
The kobold hits you with a +0 club.
You barely miss the kobold. You bite the kobold.
The kobold is severely wounded.
The kobold hits you with a +0 club.
You are too injured to fight recklessly!
You don't know any spells.
Sorry, you're not good enough to have a special ability.
The kobold hits you with a +0 club.
* * * LOW HITPOINT WARNING * * *
Unknown command.
You don't know any spells.
Sorry, you're not good enough to have a special ability.
The kobold hits you with a +0 club.
You die...

#.# ##.....##
#.# ##...##
######.# #.##
#...>..### .#
#.######>. .#
#.### ##.##
#.#.. ... #.#.#
#K# #.#.# #@#
#######.#.# #)#
..^.......# #.#
#...###.######)#
#.#(...........#
#...#.##########
## #. #


You could see a kobold.

Vanquished Creatures
  A dart slug (D:1)
  2 bats (D:1)
  A giant cockroach (D:1)
  A hobgoblin (D:1)
  2 kobolds (D:1)
  A goblin (D:1)
  A rat (D:1)
9 creatures vanquished.

Notes
Turn   | Place    | Note
-------+----------+-------------------------------------------
     0 | D:1      | robertstho the Felid Fighter began the quest for the Orb.
     0 | D:1      | Reached XP level 1. HP: 10/10 MP: 2/2
   189 | D:1      | Reached XP level 2. HP: 14/14 MP: 3/3
   215 | D:1      | Slain by a kobold

Illustrated notes

Levels and vault maps discovered:
D:1:      onia_arrival_pentagram, layout_loops_ring

Action                   || total
-------------------------++-------
Melee: Unarmed           ||    26
       Bite              ||     2
Armor: Skin              ||     2
Dodge: Dodged            ||    26

Table legend: (Time is in decaauts)
 A = Elapsed time spent in this place.
 B = Non-inter-level travel time spent in this place.
 C = Inter-level travel time spent in this place.
 D = Time resting spent in this place.
 E = Time spent auto-exploring this place.
 F = Levels seen in this place.
 G = Mean time per level.
                   A        B        C        D        E       F      G
               +--------+--------+--------+--------+--------+-----+--------+
         Total |    182 |    182 |      0 |      0 |    127 |   1 |  182.0 |
       Dungeon |    182 |    182 |      0 |      0 |    127 |   1 |  182.0 |
               +--------+--------+--------+--------+--------+-----+--------+

Top non-repeatable levels by time:
     D:1: 182 daAuts
